cohdb
Replays
Latest Replays
All Replays
Popular Replays
Top Player Replays
Match Explorer
How It Works
Community
CoH3 Stats
Reddit
Sign in to upload your games and track your stats! →
Sign in with Steam
Match 43597411
Unlisted
Match 43597411
Overview
Messages
Build Orders
End
Construct Infanterie Kompanie
Kettenkrad Recon Vehicle
MG 42 Machine Gun Team
MG 42 Machine Gun Team
GrW 34 Mortar Team
Construct Luftwaffe Kompanie
Jäger Squad
Jäger Squad
Jäger Squad
GERMAX
RhumsteaK
King Raptor
[PD] [9C] [FT] Claudius Tacitus
[Kermit] micleg
Sitatop
Arn
moon5
0
0
Comments
sign in to comment!
No comments posted yet!